 Dungeon Crawl Stone Soup version 0.30-a0-533-g4794bfbd1c (webtiles) character file.

Game seed: 3924182316589038374

441 Decritt the Trooper (level 7, -1/53 HPs)
             Began as a Djinni Hedge Wizard on Dec 24, 2022.
             Slain by a black bear (5 damage)
             ... on level 5 of the Dungeon.
             The game lasted 00:08:56 (3772 turns).

Decritt the Trooper (Djinni Hedge Wizard)           Turns: 3772, Time: 00:08:57

Health: -1/53      AC:  2    Str:  9    XL:     7   Next: 22%
Gold:   184        EV: 23    Int: 18    God:
                   SH:  0    Dex: 17

rFire   . . .      SeeInvis .    (weapon currently unavailable)
rCold   . . .      Faith    .    (shield currently unavailable)
rNeg    . . .      Spirit   .    (body armour currently unavailable)
rPois   ∞          Reflect  .    (helmet currently unavailable)
rElec   .          Harm     .    (cloak currently unavailable)
rCorr   .          Rampage  .    (gloves currently unavailable)
Will    .....                    (boots unavailable)
Stlth   ++                       (no amulet)
HPRegen 0.28/turn                q - +4 ring of evasion
MPRegen 0.00/turn                (no ring)

@: spider-form, flying
A: venomous fangs, flying, sickness immunity, tiny, (fire resistance 2), (cold
vulnerability 1), float, innate caster, HP casting, extra vitality 1
a: End Transformation


You were on level 5 of the Dungeon.
You were a venomous arachnid creature.
You visited 1 branch of the dungeon, and saw 5 of its levels.

You collected 184 gold pieces.

Inventory:

Hand Weapons
 a - a +1 dagger (melded)
Missiles
 n - 2 throwing nets
Armour
 b - a +0 robe (melded)
 c - a +1 hat (melded)
 i - a +1 cloak (melded)
 o - a +0 tower shield
Jewellery
 h - a ring of fire
 q - a +4 ring of evasion (left front leg)
 u - a ring of resist corrosion
Scrolls
 e - 2 scrolls of teleportation
 j - a scroll of enchant weapon
 l - a scroll of acquirement
 r - a scroll of butterflies {unknown}
 s - a scroll of amnesia {unknown}
 t - a scroll of blinking {unknown}
Potions
 d - 2 potions of magic
 f - 5 potions of curing
 g - 3 potions of degeneration
 k - a potion of attraction
 m - a potion of lignification {unknown}
 p - a potion of ambrosia {unknown}
 v - a potion of heal wounds {unknown}


   Skills:
 * Level 4.7 Fighting
 - Level 2.1 Dodging
 - Level 1.5 Stealth
 * Level 4.5 Spellcasting


You couldn't memorise any spells.
You knew the following spells:

 Your Spells              Type           Power      Damage    Failure   Level
a - Magic Dart            Conj           80%        1d7       9%          1
b - Spider Form           Tmut/Pois      20%        N/A       19%         3
c - Mephitic Cloud        Conj/Pois/Air  20%        N/A       19%         3
d - Call Imp              Summ           20%        N/A       11%         2
e - Blink                 Tloc           40%        N/A       11%         2
f - Cigotuvi's Dreadful   Necr/Pois/Air  40%        N/A       11%         2
g - Sting                 Tmut/Pois      80%        1d7       9%          1
h - Wereblood             Tmut           20%        N/A       11%         2
i - Slow                  Hex            80%        N/A       9%          1
Your spell library was empty.

Dungeon Overview and Level Annotations

Branches:
Dungeon (5/15)
 Temple: D:4-7

Altars:
Cheibriados
Dithmenos
Fedhas
Trog

Annotations:
D:2 Terence
D:4 1 runed translucent door, Heedrag's ghost, amateur DsCj


Innate Abilities, Weirdness & Mutations

You are a venomous arachnid creature.
You have poisonous fangs.
You are tiny and dextrous.
You are flying.
Your spellcasting is less reliable in this form.
Your armour is entirely melded.
You are incapable of wielding weapons or throwing items.
You are immune to sickness and miasma.
You are immune to poison.
((Your flesh is very heat resistant. (rF++)))
((You are vulnerable to cold. (rC-)))
You float through the air rather than walking.
You learn spells naturally, not from books.
Your magical power is your life essence.
You have superior vitality. (+4 MHP)


Message History

Your +1 hat unmelds from your body.
Your +0 robe unmelds from your body.
You kill the gnoll!
Casting: Magic Dart (safe; 2% risk of failure)
Confirm with . or Enter, or press ? or * to list all spells.
You turn into a venomous arachnid creature.
Your +1 dagger melds into your body.
Your +1 cloak melds into your body.
Your +1 hat melds into your body.
Your +0 robe melds into your body.
* * * LOW HITPOINT WARNING * * *
The black bear closely misses you. The black bear misses you.
The black bear claws you.
* * * LOW HITPOINT WARNING * * *
The black bear barely misses you. The black bear claws you.
* * * LOW HITPOINT WARNING * * *
The black bear closely misses you.
You completely miss the black bear. The black bear bites you.
* * * LOW HITPOINT WARNING * * *
The black bear completely misses you. The black bear barely misses you.
You hit the black bear.
The black bear is poisoned.
The black bear is lightly wounded.
The black bear closely misses you. The black bear claws you.
* * * LOW HITPOINT WARNING * * *
The black bear completely misses you.
You hit the black bear but do no damage.
The black bear is lightly wounded.
The black bear completely misses you. x2; The black bear misses you.
You barely miss the black bear.
The black bear is moderately wounded.
The black bear completely misses you. The black bear closely misses you.
The black bear completely misses you.
You hit the black bear.
The black bear is moderately wounded.
The black bear completely misses you. The black bear closely misses you.
The black bear completely misses you.
You hit the black bear.
The black bear looks as sick as possible!
The black bear is heavily wounded.
The black bear bites you!
* * * LOW HITPOINT WARNING * * *
The black bear claws you.
You die...

### ...
##.# #
###...# #..
....
....#####.#
#.....)hs#
#..##.)###
#..#
#........#
#......#.#
.h.....#.#
.......#.#
......##..
#..... ##.


You could see a black bear (extremely poisoned).

Vanquished Creatures
  A necrophage (D:4)
  A bullfrog (D:4)
  A howler monkey (D:4)
  A hound (D:5)
  An orc priest (D:3)
  3 gnolls (D:5)
  7 adders
  6 dart slugs
  5 orcs
  4 bats
  4 endoplasms
  4 giant cockroaches
  12 goblins
  9 hobgoblins
  6 jackals
  A quokka (D:2)
  8 frilled lizards
  7 kobolds
  2 rats
83 creatures vanquished.

Vanquished Creatures (collateral kills)
  An orc wizard (D:3)
  An adder (D:1)
  A hobgoblin (D:2)
  A kobold (D:2)
4 creatures vanquished.

Grand Total: 87 creatures vanquished

Notes
Turn   | Place    | Note
-------+----------+-------------------------------------------
     0 | D:1      | Decritt the Djinni Hedge Wizard began the quest for the
                  | Orb.
     0 | D:1      | Decritt set off with the following spells memorised: Magic
                  | Dart, Slow, Blink, Call Imp, Cigotuvi's Dreadful Rot,
                  | Mephitic Cloud.
     0 | D:1      | Reached XP level 1. HP: 15/15 MP: 0/0
   152 | D:1      | Reached skill level 1 in Fighting
   152 | D:1      | Reached XP level 2. HP: 15/22 MP: 0/0
   339 | D:1      | Found a faded altar of an unknown god.
   639 | D:1      | Reached XP level 3. HP: 25/27 MP: 0/0
   639 | D:1      | Learned a level 1 spell: Sting
  1060 | D:2      | Noticed Terence
  1091 | D:1      | Reached XP level 4. HP: 5/33 MP: 0/0
  1749 | D:2      | Found a shadowy altar of Dithmenos.
  2071 | D:3      | Found a snail-covered altar of Cheibriados.
  2239 | D:3      | Reached XP level 5. HP: 29/40 MP: 0/0
  2239 | D:3      | Learned a level 2 spell: Wereblood
  2604 | D:3      | Identified a scroll of acquirement
  2930 | D:4      | Noticed a bullfrog
  2937 | D:4      | Killed a bullfrog
  2938 | D:4      | Reached XP level 6. HP: 39/47 MP: 0/0
  2966 | D:4      | Found a runed translucent door.
  2967 | D:4      | Noticed Heedrag's ghost (amateur DsCj)
  3475 | D:4      | Found a blossoming altar of Fedhas.
  3476 | D:4      | Found a bloodstained altar of Trog.
  3614 | D:5      | Entered Level 5 of the Dungeon
  3622 | D:5      | Reached XP level 7. HP: 51/53 MP: 0/0
  3622 | D:5      | Learned a level 3 spell: Spider Form
  3772 | D:5      | Slain by a black bear

Illustrated notes

Levels and vault maps discovered:
D:1:      heliophobic_arrival_henge, layout_loops_cross,
          shapermc_ecumenical_altar_petra
D:2:      layout_rooms, basic_altar, uniq_terence
D:3:      cheibrodos_greedy_goblins, layout_basic, mainiacjoe_overflow_catwalk,
          kennysheep_decorative_pillar
D:4:      layout_cave_pools, nicolae_overflow_two_pavilions,
          hellmonk_ghost_happy_afterlife
D:5:      layout_rooms, minmay_temple_entry_enclosed_plants, uniq_menkaure

Skill      XL: |  1  2  3  4  5  6 |
---------------+-------------------+-----
Fighting       | 1 2 3 4 |  4.7
Spellcasting   | 3 4 |  4.5
Dodging        | |  2.1
Stealth        | |  1.5

Action                   |  1- 3 |  4- 6 |  7- 9 || total
-------------------------+-------+-------+-------++-------
Melee: Dagger            |     8 |    23 |     4 ||    35
       Unarmed           |       |       |    44 ||    44
 Cast: Magic Dart        |    68 |   158 |       ||   226
       Call Imp          |     3 |     8 |       ||    11
       Spider Form       |       |       |     4 ||     4
  Use: Scroll            |       |    10 |       ||    10
Armor: Robe              |     3 |    18 |     2 ||    23
       Skin              |       |       |     2 ||     2
Dodge: Dodged            |    18 |    38 |    79 ||   135

Table legend: (Time is in decaauts)
 A = Elapsed time spent in this place.
 B = Non-inter-level travel time spent in this place.
 C = Inter-level travel time spent in this place.
 D = Time resting spent in this place.
 E = Time spent auto-exploring this place.
 F = Levels seen in this place.
 G = Mean time per level.
                   A        B        C        D        E       F      G
               +--------+--------+--------+--------+--------+-----+--------+
         Total |   3772 |   3614 |    158 |    599 |   2365 |   5 |  754.4 |
       Dungeon |   3772 |   3614 |    158 |    599 |   2365 |   5 |  754.4 |
               +--------+--------+--------+--------+--------+-----+--------+

Top non-repeatable levels by time:
     D:1: 1291 daAuts
     D:3: 1054 daAuts
     D:4: 718 daAuts
     D:2: 550 daAuts
     D:5: 157 daAuts
